 Dungeon Crawl Stone Soup version 0.26-a0-259-g1effd001a9 (webtiles) character file.

Game seed: 16112407876912616296

8227 Apogee the Thaumaturge (level 11, -1/54 HPs)
             Began as a Deep Elf Fire Elementalist on July 17, 2020.
             Was an Initiate of Gozag.
             Slain by a komodo dragon (10 damage)
             ... on level 1 of the Lair of Beasts.
             The game lasted 00:33:39 (13942 turns).

Apogee the Thaumaturge (DEFE)                      Turns: 13942, Time: 00:33:40

Health: -1/54      AC:  9    Str: 11    XL:     11   Next: 7%
Magic:  19/29      EV: 17    Int: 24    God:    Gozag
Gold:   2496       SH:  0    Dex: 15    Spells: 18/35 levels left

rFire    . . .     SeeInvis .   a - +2 dagger (venom)
rCold    . . .     Faith    .   (no shield)
rNeg     . . .     Spirit   .   D - +0 leather armour
rPois    .         Reflect  .   h - +2 helmet
rElec    .         Harm     .   L - +0 cloak
rCorr    .                      (no gloves)
MR       +....                  r - +1 pair of boots
Stlth    ++........             (no amulet)
HPRegen  0.18/turn              K - +6 ring of strength
MPRegen  0.21/turn              (no ring)

@: studying Short Blades
A: no striking features
a: Potion Petition, Call Merchant, Bribe Branch, Renounce Religion


You were on level 1 of the Lair of Beasts.
You worshipped Gozag.
Gozag was most pleased with you.
You were not hungry.

You visited 2 branches of the dungeon, and saw 11 of its levels.

You collected 2501 gold pieces.
You paid 5 gold pieces to Gozag.

Inventory:

Hand Weapons
 a - a +2 dagger of venom (weapon)
Armour
 g - a +0 robe
 h - a +2 helmet (worn)
 r - a +1 pair of boots (worn)
 D - a +0 leather armour (worn)
 L - a +0 cloak (worn)
Magical Staves
 b - an uncursed staff of wizardry
 M - an uncursed staff of death
Jewellery
 e - an uncursed ring of protection from magic
 l - an uncursed ring of positive energy
 o - an uncursed ring of protection from cold
 B - an uncursed ring of ice
 K - a +6 ring of strength (left hand)
Wands
 q - a wand of polymorph (9)
 F - a wand of clouds (8)
 J - a wand of flame (15)
 N - a wand of enslavement (9)
Scrolls
 d - 5 scrolls of teleportation
 f - 7 scrolls of remove curse
 j - a scroll of magic mapping
 u - 2 scrolls of amnesia
 v - 14 scrolls of identify
 y - 2 scrolls of enchant armour
 I - a scroll of fog
Potions
 i - a potion of lignification
 k - a potion of invisibility
 m - 3 potions of might
 n - 3 potions of curing
 s - a potion of brilliance
 A - a potion of resistance
 E - a potion of haste
Books
 H - a manual of Short Blades
Comestibles
 c - 49 rations


   Skills:
 * Level 8.5 Dodging
 - Level 2.4 Stealth
 - Level 12.8 Spellcasting
 + Level 9.7 Conjurations
 - Level 10.0 Fire Magic


You had 18 spell levels left.
You knew the following spells:

 Your Spells              Type           Power        Failure   Level
a - Foxfire               Conj/Fire      ####         1%          1
b - Conjure Flame         Conj/Fire      ######..     1%          3
c - Inner Flame           Hex/Fire       #####...     1%          3
d - Sticky Flame          Conj/Fire      ######..     1%          4
e - Fireball              Conj/Fire      ######....   2%          5
f - Apportation           Tloc           ###...       5%          1

Your spell library contained the following spells:

 Spells                   Type           Power        Failure   Level
 Animate Skeleton         Necr           ###...       5%          1
 Corona                   Hex            ###....      5%          1
 Summon Small Mammal      Summ           ###.         5%          1


Dungeon Overview and Level Annotations

Branches:
Dungeon (10/15)            Temple (0/1) D:5            Lair (1/6) D:8
    Orc (0/2) D:10

Altars:
Cheibriados
Dithmenos
Gozag
Nemelex Xobeh
Trog
Wu Jian

Annotations:
D:9 1 runed translucent door


Message History

The foxfire hits the komodo dragon but does no damage.
The komodo dragon is almost dead.
You hit the komodo dragon but do no damage.
The komodo dragon is almost dead.
The komodo dragon closely misses you.
You hit the komodo dragon but do no damage.
The komodo dragon is almost dead.
The komodo dragon closely misses you.
Your +2 dagger of venom begins to drip with poison!
a - a +2 dagger of venom (weapon)
The komodo dragon bites you!
* * * LOW HITPOINT WARNING * * *
You barely miss the komodo dragon.
The komodo dragon is almost dead.
The komodo dragon bites you but does no damage.
You hit the komodo dragon but do no damage.
The komodo dragon is almost dead.
The komodo dragon bites you!
You die...
Your body crumbles into a pile of gold.

# ### ##.#####.##
..........###############
#########......l@.......#
#######.#######.## ###
#..# #.## #.# #.# #.#
##.# ####..#


You could see a komodo dragon.

Vanquished Creatures
  2 two-headed ogres
  2 trolls
  A hippogriff (D:9)
  Sigmund (D:3)
  2 wyverns
  Grum (D:8)
  2 water moccasins
  A swamp drake (D:10)
  5 ice beasts
  3 orc warriors
  An eye of draining (D:9)
  A black bear (D:7)
  5 sky beasts
  8 ogres
  3 wolves (D:8)
  4 centaurs
  3 big kobolds (D:5)
  9 bullfrogs
  A scorpion (D:5)
  3 wights (D:10)
  8 howler monkeys (D:9)
  A bullfrog zombie (D:5)
  A centaur zombie (D:10)
  2 bullfrog skeletons
  A quasit (D:10)
  7 hounds
  2 gnoll shamans
  6 orc priests
  8 orc wizards
  An iguana (D:6)
  Natasha (thrice) (D:3)
  7 worker ants
  A killer bee zombie (D:6)
  A hound zombie (D:5)
  A worker ant zombie (D:9)
  19 gnolls
  10 adders
  A white imp (D:6)
  An ufetubus (D:7)
  3 adder skeletons
  A worm (D:2)
  3 dart slugs
  4 leopard geckos
  43 orcs
  10 bats
  4 giant cockroaches
  35 goblins
  27 hobgoblins
  5 quokkas
  2 ball pythons
  6 frilled lizards
  7 kobolds
  A leopard gecko skeleton (D:6)
  A leopard gecko zombie (D:6)
  A quokka skeleton (D:6)
  6 rats
298 creatures vanquished.

Vanquished Creatures (others)
  1020 foxfires
1020 creatures vanquished.

Grand Total: 1318 creatures vanquished

Notes
Turn   | Place    | Note
-------+----------+-------------------------------------------
     0 | D:1      | Apogee the Deep Elf Fire Elementalist began the quest for
                  | the Orb.
     0 | D:1      | Reached XP level 1. HP: 10/10 MP: 6/6
   334 | D:1      | Reached XP level 2. HP: 10/15 MP: 2/8
  1091 | D:2      | Reached XP level 3. HP: 19/19 MP: 7/10
  1169 | D:2      | Learned a level 3 spell: Conjure Flame
  1235 | D:2      | Found an opulent altar of Gozag.
  1236 | D:2      | Found a shadowy altar of Dithmenos.
  1236 | D:2      | Found a bloodstained altar of Trog.
  1237 | D:2      | Found a sparkling altar of Nemelex Xobeh.
  1250 | D:2      | Became a worshipper of Gozag Ym Sagoz the Greedy
  1591 | D:2      | Reached skill level 4 in Spellcasting
  1892 | D:2      | Reached XP level 4. HP: 14/24 MP: 9/12
  2407 | D:3      | Noticed Natasha
  2509 | D:3      | Killed Natasha
  2514 | D:3      | Learned a level 3 spell: Inner Flame
  2523 | D:3      | Learned a level 4 spell: Sticky Flame
  2533 | D:3      | Noticed Natasha
  2536 | D:3      | Killed Natasha
  2536 | D:3      | Reached XP level 5. HP: 28/28 MP: 9/14
  2551 | D:3      | Noticed Natasha
  2553 | D:3      | Noticed Sigmund
  2561 | D:3      | Killed Natasha
  2561 | D:3      | Reached skill level 5 in Spellcasting
  2576 | D:3      | Killed Sigmund
  2576 | D:3      | Reached skill level 5 in Fire Magic
  2576 | D:3      | Reached XP level 6. HP: 19/32 MP: 6/16
  3171 | D:3      | Learned a level 5 spell: Fireball
  3605 | D:4      | Reached XP level 7. HP: 36/36 MP: 14/17
  3613 | D:4      | Reached skill level 5 in Conjurations
  4246 | D:4      | Found an opulent altar of Gozag.
  4510 | D:5      | Entered Level 5 of the Dungeon
  4932 | D:5      | Reached XP level 8. HP: 41/41 MP: 13/18
  6289 | D:5      | Found a staircase to the Ecumenical Temple.
  6927 | D:6      | Reached skill level 6 in Spellcasting
  7016 | D:6      | Learned a level 1 spell: Apportation
  7215 | D:6      | Reached skill level 7 in Spellcasting
  7298 | D:6      | Reached XP level 9. HP: 45/45 MP: 16/22
  7555 | D:6      | Reached skill level 8 in Spellcasting
  7989 | D:6      | You fall into a shaft and drop 1 floor!
  8391 | D:7      | Found an ornate altar of the Wu Jian Council.
  8539 | D:7      | Reached skill level 9 in Spellcasting
  9148 | D:7      | Found a snail-covered altar of Cheibriados.
  9286 | D:7      | Reached skill level 10 in Spellcasting
  9648 | D:8      | Noticed Grum
  9690 | D:8      | Killed Grum
  9690 | D:8      | Reached skill level 11 in Spellcasting
 10007 | D:8      | Noticed a two-headed ogre
 10039 | D:8      | Killed a two-headed ogre
 10039 | D:8      | Reached skill level 12 in Spellcasting
 10039 | D:8      | Reached XP level 10. HP: 26/50 MP: 7/28
 10281 | D:8      | Found a sparkling altar of Nemelex Xobeh.
 10449 | D:8      | Found a staircase to the Lair.
 11342 | D:9      | Reached skill level 5 in Dodging
 11437 | D:9      | Noticed a two-headed ogre
 11440 | D:10     | Entered Level 10 of the Dungeon
 11579 | D:9      | Killed a two-headed ogre
 12204 | D:9      | Found a runed translucent door.
 12264 | D:9      | Noticed a sixfirhy
 12548 | D:10     | Identified a scroll of acquirement
 12548 | D:10     | Acquired an uncursed staff of wizardry
 12818 | D:10     | Reached skill level 10 in Fire Magic
 13180 | D:10     | Reached XP level 11. HP: 54/54 MP: 7/29
 13485 | D:10     | Found a staircase to the Orcish Mines.
 13754 | Lair:1   | Entered Level 1 of the Lair of Beasts
 13942 | Lair:1   | Slain by a komodo dragon

Illustrated notes

Levels and vault maps discovered:
D:1:      mrwooster_arrival_statue_2, layout_loops_ring
D:2:      layout_loops_ring, chequers_temple_overflow_statue_of_worship,
          first_ration
D:3:      cheibrodos_greedy_goblins, layout_rooms, minmay_ruptured,
          uniq_natasha, uniq_sigmund
D:4:      layout_gridville, dk_noncrumbling_2, grunt_gozag_breadcrumbs
D:5:      minmay_goblin_kobold_castle, layout_loops_ring,
          minmay_temple_entry_crystal_x, kennysheep_generic_room_4
D:6:      layout_cave_pods, minmay_manual_mares
D:7:      layout_layer_cave, nicolae_overflow_crystal_walls, kennysheep_mini,
          grunt_ogre_cave
D:8:      layout_gridville, lair_entry_dummy, nemelex_xobeh_ov_fountains_minmay,
          uniq_grum
D:9:      cheibrodos_shockbox, layout_loops_ring
D:10:     layout_rooms, erik_orc_1, grunt_ministairs_13
Lair:1:   layout_loops_ring, serial_bayou_shore_b, infiniplex_staircase_pool,
          grunt_megastairs_5, uniq_sonja

Skill      XL: |  1  2  3  4  5  6  7  8  9 10 |
---------------+-------------------------------+-----
Conjurations   | 2 3 4 6 8 9 |  9.7
Spellcasting   | 4 5 7 12 | 12.8
Fire Magic     | 4 5 7 8 10 | 10.0
Dodging        | 8 |  8.5
Stealth        | |  2.4

Action                   |  1- 3 |  4- 6 |  7- 9 | 10-12 || total
-------------------------+-------+-------+-------+-------++-------
Melee: Unarmed           |     2 |       |       |       ||     2
       Dagger            |    12 |       |    15 |    14 ||    41
       Staff             |       |       |       |    18 ||    18
 Cast: Foxfire           |    69 |    75 |   344 |   152 ||   640
       Conjure Flame     |     1 |       |    10 |     2 ||    13
       Fireball          |       |       |    15 |    47 ||    62
       Inner Flame       |       |       |     2 |       ||     2
       Apportation       |       |       |     2 |       ||     2
  Use: Potion            |       |       |     1 |    10 ||    11
       Scroll            |       |       |    11 |     3 ||    14
 Stab: Distracted        |       |       |     1 |       ||     1
  Eat: Ration            |     1 |     2 |     5 |     4 ||    12
Armor: Robe              |     6 |     6 |    14 |       ||    26
       Leather armour    |       |       |    12 |    18 ||    30
Dodge: Dodged            |    36 |    10 |    55 |    58 ||   159

Table legend:
 A = Non-vault XP
 B = Vault XP
 C = Vault XP percentage of total XP
 D = Non-vault monster count
 E = Vault monster count
 F = Vault count percentage of total count
                 A         B        C        D         E       F
            +---------+---------+-------+---------+---------+-------
      Total |    9107 |    2647 |  22.5 |     202 |      96 |  32.2
            +---------+---------+-------+---------+---------+-------
        D:1 |      37 |       0 |   0.0 |      23 |       0 |   0.0
        D:2 |      68 |       0 |   0.0 |      16 |       0 |   0.0
        D:3 |     119 |     270 |  69.4 |      15 |      14 |  48.3
        D:4 |     738 |       0 |   0.0 |      19 |       0 |   0.0
        D:5 |     733 |     519 |  41.5 |      25 |      56 |  69.1
        D:6 |     512 |     226 |  30.6 |      20 |       2 |   9.1
        D:7 |     681 |     118 |  14.8 |      12 |       1 |   7.7
        D:8 |    1356 |     541 |  28.5 |      16 |       4 |  20.0
        D:9 |    3701 |       0 |   0.0 |      36 |       0 |   0.0
       D:10 |     927 |     973 |  51.2 |      18 |      19 |  51.4
     Lair:1 |     235 |       0 |   0.0 |       2 |       0 |   0.0
            +---------+---------+-------+---------+---------+-------
